AoeStats
← LisanAlGaib16

Black Forest

509465480Analyzed
3v3 RM · 5d ago on Sep 26, 2026· 57m 53s· 6 players
Game mode
Random Map
Map size
Normal (6 player)
Population
200
Speed
Normal
Resources
Standard
Victory
Conquest
Starting age
Dark Age
Ending age
Imperial Age
RankedLock teamsTeams togetherTeam positionsShared explorationLock speedFull tech treeHidden civsTurbo modeCheats
Victory
Defeat
🇹🇷 Bohemians · Türkiye
791
+13
🇨🇾 Teutons · Cyprus
744
+15
🇹🇷 Burgundians · Türkiye
727
+16
🇺🇸 Japanese · United States
791
-18
🇳🇱 Sicilians · Netherlands
692
-13
🇲🇽 Bohemians · Mexico
688
-13
CAN GÖÇER
0:28 Loom
13:35 Feudal Age
14:04 Double-Bit Axe
14:02 Horse Collar
17:41 Town Watch
18:07 Gold Mining
21:44 Castle Age
19:46 Stone Mining
22:39 Bow Saw
22:32 Heavy Plow
23:10 Stone Shaft Mining
23:43 Wheelbarrow
24:39 Hand Cart
25:29 Town Patrol
26:29 Fortified Wall
28:14 Masonry
27:57 Fletching
28:07 Padded Archer Armor
33:04 Imperial Age
31:08 Ballistics
31:04 Bodkin Arrow
32:12 Leather Archer Armor
32:09 Forging
32:01 Scale Mail Armor
32:53 Bloodlines
34:48 Chemistry
35:25 Scale Barding Armor
35:56 Iron Casting
35:28 Arrowslits
35:30 Cavalier
37:12 Chain Barding Armor
38:09 Chain Mail Armor
39:03 Plate Barding Armor
38:55 Ironclad
38:57 Conscription
40:35 Coinage
41:52 Blast Furnace
41:23 Plate Mail Armor
41:23 Ring Archer Armor
41:02 Siege Engineers
42:23 Banking
42:03 Guilds
41:54 Caravan
42:35 Hoardings
43:39 Heavy Scorpion
43:43 Paladin
45:45 Elite Teutonic Knight
46:42 Sappers
48:52 Crenellations
50:44 Two-Man Saw
50:20 Crop Rotation
Hyper Fury
0:34 Loom
12:41 Wheelbarrow
14:57 Feudal Age
13:19 Double-Bit Axe
13:16 Horse Collar
16:04 Bow Saw
15:56 Heavy Plow
20:17 Gold Mining
20:18 Stone Mining
21:40 Gold Shaft Mining
22:07 Stone Shaft Mining
22:33 Stone Shaft Mining
24:12 Hand Cart
23:44 Town Watch
24:26 Forging
24:06 Fletching
24:17 Padded Archer Armor
24:17 Scale Mail Armor
24:23 Scale Barding Armor
27:40 Castle Age
27:16 Arson
33:26 Town Patrol
34:07 Guilds
34:27 Coinage
33:59 Caravan
34:00 Pikeman
34:41 Squires
34:03 Crossbowman
34:03 Elite Skirmisher
34:05 Cavalier
34:46 Husbandry
34:06 Light Cavalry
35:06 Treadmill Crane
35:25 Murder Holes
35:41 Fortified Wall
36:31 Ballistics
37:47 Two-Man Saw
38:06 Masonry
40:58 Imperial Age
39:34 Crop Rotation
41:27 Iron Casting
40:48 Bodkin Arrow
41:08 Leather Archer Armor
42:11 Conscription
42:02 Burgundian Vineyards
42:28 Paladin
44:21 Chain Barding Armor
45:09 Banking
47:29 Plate Barding Armor
47:09 Chain Mail Armor
47:55 Blast Furnace
46:55 Bracer
46:43 Arrowslits
48:46 Architecture
48:13 Elite Coustillier
48:59 Halberdier
55:13 Hoardings
56:53 Chemistry
56:26 Plate Mail Armor
Knights Hospitaller
0:28 Loom
13:12 Feudal Age
14:05 Double-Bit Axe
14:06 Horse Collar
17:46 Fletching
18:42 Wheelbarrow
27:18 Castle Age
25:23 Padded Archer Armor
28:07 Bodkin Arrow
28:29 Leather Archer Armor
29:35 Fortified Wall
29:37 Masonry
32:10 Chemistry
33:13 Ballistics
38:12 Fishing Lines
44:16 Imperial Age
41:53 Murder Holes
42:38 Heavy Plow
42:51 Bow Saw
42:29 Town Watch
43:47 Hand Cart
45:07 Siege Engineers
45:50 Wagenburg Tactics
46:50 Conscription
46:41 Elite Hussite Wagon
49:09 Architecture
48:45 Bracer
50:06 Ring Archer Armor
51:41 Two-Man Saw
53:52 Town Patrol
55:30 Elite Skirmisher
Dutchbugs
10:12 Feudal Age
12:03 Loom
13:17 Double-Bit Axe
20:56 Castle Age
19:39 Gold Mining
19:43 Stone Mining
19:37 Horse Collar
22:07 Scale Mail Armor
28:21 Bow Saw
29:56 Gambesons
30:12 Squires
39:32 Imperial Age
39:16 Heavy Plow
40:59 Gold Shaft Mining
42:33 Chemistry
41:55 Ballistics
41:32 Elite Serjeant
43:14 Conscription
43:14 Forging
43:20 Chain Mail Armor
45:23 Plate Mail Armor
45:29 Iron Casting
46:17 Caravan
48:24 Blast Furnace
48:45 Hauberk
48:32 Onager
54:40 Padded Archer Armor
LisanAlGaib16
7:06 Loom
10:47 Feudal Age
11:18 Double-Bit Axe
11:47 Horse Collar
14:16 Wheelbarrow
18:24 Castle Age
19:21 Bow Saw
19:16 Heavy Plow
20:08 Fletching
21:31 Gold Mining
25:30 Stone Mining
28:27 Hand Cart
29:50 Ballistics
32:10 Imperial Age
31:19 Gold Shaft Mining
32:17 Bodkin Arrow
34:17 Two-Man Saw
33:23 Caravan
34:55 Conscription
34:50 Town Watch
35:49 Siege Engineers
35:28 Treadmill Crane
36:33 Parthian Tactics
35:43 Pikeman
38:31 Kataparuto
38:21 Squires
38:23 Scale Mail Armor
38:34 Forging
39:02 Murder Holes
39:18 Masonry
40:13 Chemistry
39:09 Murder Holes
39:04 Arson
39:33 Halberdier
40:32 Yasama
40:40 Padded Archer Armor
43:07 Heavy Cavalry Archer
45:37 Hoardings
47:10 Leather Archer Armor
47:46 Chain Mail Armor
48:25 Bracer
48:42 Masonry
49:21 Plate Mail Armor
49:49 Crossbowman
Alexisg0505
12:21 Feudal Age
12:53 Double-Bit Axe
18:28 Castle Age
19:37 Bow Saw
23:28 Squires
28:48 Forging
30:24 Arson
30:00 Pikeman
31:10 Fervor
31:21 Sanctity
33:40 Imperial Age
30:59 Loom
32:21 Chemistry
34:58 Wheelbarrow
34:09 Town Watch
35:16 Husbandry
35:35 Halberdier
36:51 Conscription
36:45 Hussite Reforms
36:49 Wagenburg Tactics
37:38 Hand Cart
37:22 Man-at-Arms
38:44 Iron Casting
38:10 Padded Archer Armor
38:01 Fletching
38:36 Block Printing
38:47 Illumination
38:22 Devotion
39:02 Masonry
41:15 Theocracy
40:38 Herbal Medicine
43:02 Blast Furnace
42:03 Scale Mail Armor
41:59 Bodkin Arrow
42:09 Scale Barding Armor
43:40 Houfnice
46:37 Two-Man Saw
47:33 Cavalier
49:45 Bracer
50:01 Leather Archer Armor
50:01 Chain Mail Armor
56:14 Light Cavalry
56:43 Elite Hussite Wagon
Connection lost

Rejoining the realm…

Still unreachable

The connection could not be restored.

Session expired

The server has moved on; the page needs a fresh start.